 Dungeon Crawl Stone Soup version 0.22-a0-553-g9358b0b (webtiles) character file.

342 pk666 the Magician (level 6, -4/32 HPs)
             Began as a Deep Elf Wizard on June 25, 2018.
             Shot with an arrow by a centaur (14 damage)
             ... on level 4 of the Dungeon.
             The game lasted 00:10:00 (3756 turns).

pk666 the Magician (Deep Elf Wizard)                Turns: 3756, Time: 00:10:01

Health: -4/32      AC:  4    Str:  4    XL:     6   Next: 30%
Magic:  18/18      EV: 13    Int: 25    God:
Gold:   178        SH:  0    Dex: 13    Spells: 10/19 levels left

rFire    . . .     SeeInvis .   p - staff of earth
rCold    . . .     Gourm    .   (no shield)
rNeg     . . .     Faith    .   a - +0 robe
rPois    .         Spirit   .   b - +0 hat
rElec    .         Reflect  .   t - +0 cloak
rCorr    .         Harm     .   i - +0 pair of gloves
MR       .....                  (no boots)
Stlth    ++........             (no amulet)
HPRegen  0.10/turn              (no ring)
MPRegen  0.16/turn              (no ring)

@: no status effects
A: no striking features
a: no special abilities


You were on level 4 of the Dungeon.
You were not hungry.

You visited 1 branch of the dungeon, and saw 4 of its levels.
You also visited: Sewer.

You collected 178 gold pieces.

Inventory:

Armour
 a - a +0 robe (worn)
 b - a +0 hat (worn)
 i - a +0 pair of gloves (worn)
 t - a +0 cloak (worn)
Magical Staves
 p - an uncursed staff of earth (weapon)
Jewellery
 u - a cursed -2 ring of strength {unknown}
Scrolls
 c - a scroll of teleportation {unknown}
 e - 3 scrolls of remove curse {unknown}
 g - 3 scrolls of enchant armour {unknown}
 k - a scroll of amnesia {unknown}
 l - 2 scrolls of immolation {unknown}
 q - a scroll of enchant weapon {unknown}
Potions
 f - 3 potions of curing {unknown}
 h - 2 potions of lignification {unknown}
 j - a potion of invisibility {unknown}
 m - 4 potions of heal wounds {unknown}
 n - 2 potions of mutation {unknown}
 o - a potion of magic {unknown}
 r - 2 potions of flight {unknown}
 s - a potion of degeneration {unknown}
Comestibles
 d - 3 rations


   Skills:
 - Level 2.4 Dodging
 - Level 2.4 Stealth
 + Level 7.0 Spellcasting
 + Level 4.5 Conjurations
   Level 1.1 Summonings
 - Level 1.1 Translocations
 + Level 2.7 Fire Magic


You had 10 spell levels left.
You knew the following spells:

 Your Spells              Type           Power        Failure   Level  Hunger
a - Magic Dart            Conj           ####         1%          1    None
b - Mephitic Cloud        Conj/Pois/Air  ###.....     11%         3    None
c - Conjure Flame         Conj/Fire      ####....     4%          3    None
l - Blink                 Tloc           N/A          6%          2    None

Your spell library contained the following spells:

 Spells                   Type           Power        Failure   Level  Hunger
 Slow                     Hex            #.......     10%         2    None
 Call Imp                 Summ           ##......     6%          2    None


Dungeon Overview and Level Annotations

Branches:
Dungeon (4/15)
 Temple: D:4-7

Altars:
Fedhas
Kikubaaqudgha
Okawaru


Message History

Confirm with . or Enter, or press ? or * to list all spells.
You can't see any susceptible monsters within range! (Use Z to cast anyway.)
You see here a quokka corpse.
The centaur shoots an arrow.
The arrow closely misses you.
The centaur shoots an arrow.
The arrow hits you.
You see here an arrow.
The centaur shoots an arrow.
The arrow hits you!
You see here an arrow.
The centaur shoots an arrow.
The arrow closely misses you.
You see here an arrow.
The centaur shoots an arrow.
The arrow hits you!
* * * LOW HITPOINT WARNING * * *
You see here an arrow.
The centaur shoots an arrow.
The arrow closely misses you.
The centaur shoots an arrow.
The arrow misses you.
The centaur shoots an arrow.
The arrow misses you.
The centaur shoots an arrow.
The arrow closely misses you.
You see here an arrow.
The centaur shoots an arrow.
The arrow hits you!
You die...

.Y##.###..............######..#
..##.c# #.......(.)#..# .
...##Y###........####.##
#..##..##....c..## #..#
#..##..#.....#.## ##.##
.........c####.Y# #..##
.(.†####.## ##(# ##.)###..#
###..# #.# #.## ##.<....# #
#..###.## ##@# ##......## #
#......## #.####..###..# .#
#...##..## ##......## ##.#
..##.#####..###..#...## #.#
#....# ##..#..###..# #.##
#...## ##.........########.###
..##.##
##.............#........ ##
##.####.........###...........
#..............# ##..###...#.


You could see an ice beast and a centaur.

Vanquished Creatures
  A big kobold (Sewer)
  A hound (D:4)
  Jessica (D:2)
  2 orc wizards (D:4)
  5 adders
  A river rat (Sewer)
  2 oozes (D:2)
  An adder skeleton (D:4)
  A worm (D:3)
  2 dart slugs (D:1)
  5 leopard geckos
  7 orcs
  4 giant cockroaches
  7 goblins
  7 hobgoblins
  4 jackals
  10 kobolds
  3 quokkas
  8 bats
  5 frilled lizards
  A leopard gecko skeleton (D:4)
  14 rats
92 creatures vanquished.

Notes
Turn   | Place    | Note
-------+----------+-------------------------------------------
     0 | D:1      | pk666 the Deep Elf Wizard began the quest for the Orb.
     0 | D:1      | Reached XP level 1. HP: 10/10 MP: 7/7
   290 | D:1      | Reached XP level 2. HP: 10/15 MP: 5/9
   412 | D:1      | Reached skill level 5 in Spellcasting
   924 | D:2      | Reached XP level 3. HP: 13/19 MP: 5/11
  1217 | D:2      | Found an ancient bone altar of Kikubaaqudgha.
  1313 | D:2      | Noticed Jessica
  1317 | D:2      | Killed Jessica
  1317 | D:2      | Reached XP level 4. HP: 24/24 MP: 9/13
  1379 | D:2      | Learned a level 3 spell: Conjure Flame
  1434 | D:2      | Reached skill level 6 in Spellcasting
  2141 | D:3      | Found an iron altar of Okawaru.
  2389 | D:3      | Reached skill level 1 in Fire Magic
  2422 | D:3      | Reached XP level 5. HP: 28/28 MP: 8/15
  2533 | D:3      | Found a glowing drain.
  2537 | Sewer    | Entered a sewer
  2798 | Sewer    | Found a glowing silver altar of Zin.
  3035 | D:3      | Learned a level 3 spell: Mephitic Cloud
  3038 | D:3      | Learned a level 2 spell: Blink
  3307 | D:4      | Reached XP level 6. HP: 29/32 MP: 11/17
  3438 | D:4      | Reached skill level 7 in Spellcasting
  3704 | D:4      | Found a blossoming altar of Fedhas.
  3704 | D:4      | Noticed an ice beast
  3756 | D:4      | Shot with an arrow by a centaur

Vault maps used:
D:1:      minmay_arrival_glassed_features
D:2:      nicolae_overflow_crystal_walls, uniq_jessica
D:3:      gup_sewer_entry_spiral, minmay_misc_feat_five,
          okawaru_ov_weapons_minmay
D:4:      gammafunk_temple_overflow_wave, fedhas_bush_and_centaur_altar
Sewer:    sewer_kobolds

Skill      XL: |  1  2  3  4  5  6 |
---------------+-------------------+-----
Conjurations   | 2 3 4 |  4.5
Spellcasting   | 5 6 7 |  7.0
Fire Magic     | 1 2 |  2.7
Dodging        | |  2.4
Stealth        | |  2.4
Summonings     | |  1.1
Translocations | |  1.1

Action                   |  1- 3 |  4- 6 || total
-------------------------+-------+-------++-------
 Cast: Magic Dart        |    65 |   145 ||   210
  Eat: Chunk             |     1 |     4 ||     5
       Ration            |       |     1 ||     1
Armor: Robe              |       |     3 ||     3
Dodge: Dodged            |     4 |    21 ||    25

Table legend:
 A = Spawn XP
 B = Non-spawn XP
 C = Spawn XP percentage of total XP
 D = Spawn monster count
 E = Non-spawn monster count
 F = Spawn count percentage of total count
 G = Total turns spent on level
                    A         B        C        D         E        F      G
               +---------+---------+-------+---------+---------+-------+---------
         Total |       0 |     489 |   0.0 |       0 |      92 |   0.0 |  3756
               +---------+---------+-------+---------+---------+-------+---------
           D:1 |       0 |      34 |   0.0 |       0 |      22 |   0.0 |   919
           D:2 |       0 |     114 |   0.0 |       0 |      20 |   0.0 |  1031
           D:3 |       0 |      63 |   0.0 |       0 |      26 |   0.0 |   982
           D:4 |       0 |     160 |   0.0 |       0 |      13 |   0.0 |   519
         Sewer |       0 |     118 |   0.0 |       0 |      11 |   0.0 |   305
               +---------+---------+-------+---------+---------+-------+---------
